 Dungeon Sprint DCSS version 0.18-a0-1273-g8ec5f8e (webtiles) character file.

794 pipel the Grappler (level 7, 0/76 HPs)
             Began as a Troll Air Elementalist on Feb 7, 2016.
             Was a Follower of Okawaru.
             Shot with an arrow by a centaur warrior (19 damage)
             ... in the Dungeon (Sprint IX: "|||||||||||||||||||||||||||||").
             The game lasted 00:04:02 (226 turns).

pipel the Grappler (Troll Air Elementalist)          Turns: 226, Time: 00:04:02

Health: 0/76       AC:  7    Str: 25    XL:     7   Next: 58%
Magic:  8/8        EV: 12    Int: 11    God:    Okawaru [*.....]
Gold:   0          SH:  0    Dex: 10    Spells: 3 memorised, 3 levels left

rFire  . . .     SeeInvis .       - Unarmed
rCold  . . .     Gourm    +     a - +0 robe
rNeg   . . .     Faith    .     (no shield)
rPois  .         Spirit   .     (helmet restricted)
rElec  .         Dismiss  .     n - +0 cloak
rCorr  .         Reflect  .     (gloves unavailable)
SustAt .         Harm     .     (boots unavailable)
MR     .....     NoTele   +     (no amulet)
Stlth  +.........               p - +3 ring of strength
                                o - +3 ring of strength

@: very slightly contaminated, repel missiles, not resistant to hostile
enchantments, very unstealthy
A: unfitting armour, claws 3, icy blue scales 1, fast metabolism 3, gourmand,
high mp 1, regeneration 3, shaggy fur 1, tough skin 2, subdued magic 1
a: Heroism, Renounce Religion


You were in the Dungeon.
You worshipped Okawaru.
Okawaru was aware of your devotion.
You were very full.

You visited 1 branch

Inventory:

Armour
 a - a +0 robe (worn)
 n - a +0 cloak (worn)
Magical Staves
 m - an uncursed staff of energy
Jewellery
 o - a +3 ring of strength (left claw)
 p - a +3 ring of strength (right claw)
Wands
 l - a wand of acid (6/15)
Scrolls
 i - a scroll of blinking
 j - 3 scrolls of remove curse
 k - 2 scrolls of amnesia
Potions
 d - 5 potions of curing
 f - a potion of haste
 g - 4 potions of magic
Books
 b - a book of Air

   Spells                             Type                      Level
   a - Shock                          Conjuration/Air              1
   b - Swiftness                      Charms/Air                   2
   c - Repel Missiles                 Charms/Air                   2
   d - Static Discharge               Conjuration/Air              3
   e - Lightning Bolt                 Conjuration/Air              5
Comestibles
 c - 2 bread rations


   Skills:
 * Level 6.6 Fighting
 + Level 7.0 Dodging
 - Level 1.1 Stealth
 + Level 12.0 Unarmed Combat
 - Level 1.2 Spellcasting
 - Level 0.6 Conjurations
 - Level 2.0 Air Magic


You had 3 spell levels left.
You knew the following spells:

 Your Spells              Type           Power        Failure   Level  Hunger
a - Shock                 Conj/Air       #...         11%         1    ##.....
b - Repel Missiles        Chrm/Air       #.....       21%         2    ###....
c - Swiftness             Chrm/Air       #.......     21%         2    ###....


Dungeon Overview and Level Annotations

Branches:
Dungeon (1/1)

Altars:
Cheibriados
Dithmenos
Elyvilon
Fedhas
Gozag
Kikubaaqudgha
Makhleb
Nemelex Xobeh
Okawaru
Pakellas
Qazlal
Ru
Sif Muna
Trog
Vehumet
Xom
Yredelemnul
Zin
The Shining One
Beogh
Jiyva
Lugonu


Innate Abilities, Weirdness & Mutations

You are too large for most types of armour.
You have claws for hands.
Your metabolism is lightning-fast.
You like to eat raw meat.
You regenerate.
You are covered in fur (AC +1).
You have very tough skin (AC +2).
You are partially covered in icy blue scales (AC +1).
You have an increased reservoir of magic (+10% MP).
Your spells are a little easier to cast, but a little less powerful.


Message History

Your Unarmed Combat skill increases to level 12!
You are covered in liquid flames!
The centaur warrior wields a shortbow.
The centaur warrior shoots an arrow.
The arrow hits you!
* * * LOW HITPOINT WARNING * * *
You take 16 damage, and have 18/76 hp.
MASSIVE DAMAGE!!
Drink which item? (? for menu, Esc to quit)
You feel much better.
You are covered in liquid flames!
The centaur warrior shoots an arrow.
The arrow hits you!
* * * LOW HITPOINT WARNING * * *
Press: ? - help, v - describe, . - travel, g - get item An arrow.
An open door, spattered with blood.
Read which item? (? for menu, Esc to quit)
Blink to where?
Press: ? - help, Dir - move target cursor
As you read the scroll of blinking, it crumbles to dust.
The centaur warrior shoots an arrow.
The arrow hits you!!
You die... ▓▓▓▓▓▓▓▓▓▓▓▓▓▓▓▓▓▓▓▓▓▓▓▓▓▓▓▓▓▓ +..OZ.c§...÷.@'..[[.(...'_____ ▓▓▓▓▓▓▓▓▓▓▓▓▓▓▓▓▓▓▓▓▓▓▓▓▓▓▓▓▓▓

You could see a centaur warrior.

Vanquished Creatures
  A gargoyle (D)
  A mottled dragon (D)
  A sky beast (D)
  A centaur (D)
  A scorpion (D)
  A crimson imp (D)
  A jelly (D)
  2 hounds (D)
  2 adders (D)
  An adder skeleton (D)
  2 adder zombies (D)
  A giant gecko (D)
  A jackal (D)
  2 bats (D)
  A kobold (D)
19 creatures vanquished.

Notes
Turn   | Place    | Note
--------------------------------------------------------------
     0 | D        | pipel the Troll Air Elementalist began the quest for the Orb.
     0 | D        | Reached XP level 1. HP: 16/16 MP: 1/1
     4 | D        | Reached skill level 1 in Unarmed Combat
    10 | D        | Reached skill level 1 in Fighting
    43 | D        | Noticed a scorpion
    43 | D        | Noticed a hound
    43 | D        | Noticed a sky beast
    43 | D        | Noticed a crimson imp
    50 | D        | Reached skill level 4 in Unarmed Combat
    50 | D        | Reached XP level 2. HP: 27/27 MP: 0/2
    60 | D        | Killed a sky beast
    60 | D        | Reached skill level 8 in Unarmed Combat
    60 | D        | Reached XP level 3. HP: 33/33 MP: 1/3
    60 | D        | Reached XP level 4. HP: 41/41 MP: 1/4
    62 | D        | Reached skill level 9 in Unarmed Combat
    62 | D        | Reached XP level 5. HP: 48/48 MP: 1/5
    64 | D        | Reached skill level 10 in Unarmed Combat
    65 | D        | Reached skill level 11 in Unarmed Combat
    68 | D        | Gained mutation: You regenerate. [mutagenic meat]
    69 | D        | Gained mutation: You have an increased reservoir of magic (+10% MP). [mutagenic meat]
    70 | D        | Gained mutation: You are partially covered in icy blue scales (AC +1). [mutagenic meat]
    71 | D        | Gained mutation: Your spells are a little easier to cast, but a little less powerful. [mutagenic meat]
    75 | D        | Learned a level 2 spell: Repel Missiles
    78 | D        | Learned a level 2 spell: Swiftness
    86 | D        | Found a glowing silver altar of Zin.
    86 | D        | Found a glowing golden altar of the Shining One.
    86 | D        | Found an ancient bone altar of Kikubaaqudgha.
    86 | D        | Found a basalt altar of Yredelemnul.
    86 | D        | Found a shimmering altar of Xom.
    86 | D        | Found a radiant altar of Vehumet.
    87 | D        | Found an iron altar of Okawaru.
    88 | D        | Found a burning altar of Makhleb.
    89 | D        | Found a deep blue altar of Sif Muna.
    90 | D        | Found a bloodstained altar of Trog.
    91 | D        | Found a sparkling altar of Nemelex Xobeh.
    92 | D        | Found a white marble altar of Elyvilon.
    93 | D        | Found a roughly hewn altar of Beogh.
    94 | D        | Found a viscous altar of Jiyva.
    95 | D        | Became a worshipper of Warmaster Okawaru
    96 | D        | Found a corrupted altar of Lugonu.
    97 | D        | Found a blossoming altar of Fedhas.
    98 | D        | Found a snail-covered altar of Cheibriados.
    99 | D        | Found a shadowy altar of Dithmenos.
   100 | D        | Found a stormy altar of Qazlal.
   101 | D        | Found an opulent altar of Gozag.
   102 | D        | Found a sacrificial altar of Ru.
   103 | D        | Found an oddly glowing altar of Pakellas.
   136 | D        | Noticed a gargoyle
   136 | D        | Noticed a centaur
   145 | D        | Killed a centaur
   145 | D        | Reached XP level 6. HP: 55/61 MP: 0/7
   163 | D        | Killed a gargoyle
   163 | D        | Reached skill level 5 in Fighting
   163 | D        | Reached skill level 5 in Dodging
   163 | D        | Reached XP level 7. HP: 19/74 MP: 2/8
   215 | D        | Noticed a centaur warrior
   224 | D        | Reached * piety under Okawaru
   224 | D        | Reached skill level 12 in Unarmed Combat
   226 | D        | Shot with an arrow by a centaur warrior

Vault maps used:
D:        linesprint

Action                   |  1- 3 |  4- 6 |  7- 9 || total
-------------------------+-------+-------+-------++-------
Melee: Unarmed           |    25 |    20 |     9 ||    54
 Cast: Shock             |     2 |     6 |       ||     8
       Repel Missiles    |       |     1 |       ||     1
Evoke: Wand              |       |     1 |       ||     1
  Use: Potion            |     1 |     3 |     1 ||     5
       Scroll            |       |       |     1 ||     1
  Eat: Chunk             |     5 |     4 |     3 ||    12
